AoeStats
← Robermad

Oasis

510147085Analyzed
4v4 RM · 3d ago on Sep 29, 2026· 45m 58s· 8 players
Game mode
Random Map
Map size
Large (8 player)
Population
200
Speed
Normal
Resources
Standard
Victory
Conquest
Starting age
Dark Age
Ending age
Imperial Age
RankedLock teamsTeams togetherTeam positionsShared explorationLock speedFull tech treeHidden civsTurbo modeCheats
Victory
Defeat
🇪🇸 Turks · Spain
1120
+14
🇪🇸 Teutons · Spain
1052
+17
🇹🇷 Magyars · Türkiye
1032
+17
🇩🇰 Berbers · Denmark
1004
+18
🇹🇷 Cumans · Türkiye
1078
-17
🇩🇪 Ethiopians · Germany
1072
-17
🇹🇷 Danes · Türkiye
1060
-16
🇩🇪 Saxons · Germany
1053
-16
Anarşik
0:29 Loom
13:47 Feudal Age
15:30 Wheelbarrow
14:42 Double-Bit Axe
14:43 Horse Collar
15:33 Gold Mining
16:05 Scale Mail Armor
16:15 Forging
30:55 Castle Age
31:40 Heavy Plow
31:05 Man-at-Arms
31:08 Pikeman
33:57 Chain Mail Armor
34:50 Hand Cart
34:59 Bow Saw
34:41 Capped Ram
37:41 Iron Casting
40:22 Gold Shaft Mining
43:55 Scale Barding Armor
46:45 Imperial Age
45:41 Bloodlines
44:52 Light Cavalry
46:15 Chain Barding Armor
Cheriten
6:00 Loom
9:07 Feudal Age
13:59 Fletching
16:14 Padded Archer Armor
17:29 Double-Bit Axe
23:35 Castle Age
21:56 Town Watch
23:49 Crossbowman
24:34 Thumb Ring
25:12 Bodkin Arrow
27:28 Ballistics
32:10 Leather Archer Armor
35:28 Wheelbarrow
39:23 Hand Cart
Rackl Peter
8:25 Loom
10:24 Feudal Age
15:50 Double-Bit Axe
16:41 Horse Collar
24:54 Castle Age
24:29 Fletching
25:04 Crossbowman
26:32 Thumb Ring
26:25 Bodkin Arrow
28:25 Padded Archer Armor
28:54 Gold Mining
29:40 Bow Saw
30:08 Wheelbarrow
31:55 Caravan
37:39 Imperial Age
35:42 Leather Archer Armor
37:07 Hand Cart
37:02 Scale Mail Armor
37:36 Ballistics
37:27 Squires
36:49 Pikeman
37:59 Arbalester
39:17 Bracer
40:23 Chemistry
40:41 Halberdier
43:41 Chain Mail Armor
Göt Yıkama Borusu
1:01 Loom
12:09 Feudal Age
13:14 Double-Bit Axe
15:49 Horse Collar
20:27 Wheelbarrow
19:38 Town Watch
19:56 Gold Mining
19:58 Stone Mining
23:27 Castle Age
25:42 Arson
25:58 Squires
26:10 Scale Mail Armor
26:20 Forging
27:07 Elite Skirmisher
29:07 Heavy Plow
29:44 Gold Shaft Mining
29:40 Bow Saw
31:33 Stone Shaft Mining
32:52 Hamask
35:37 Ballistics
36:44 Chain Mail Armor
37:05 Iron Casting
38:45 Caravan
42:30 Imperial Age
41:02 Hand Cart
40:48 Town Patrol
43:41 Conscription
42:46 Elite Jomsviking
44:33 Plate Mail Armor
45:03 Blast Furnace
43:54 Fletching
44:04 Padded Archer Armor
43:44 Onager
Donp4ppa
5:41 Loom
11:25 Feudal Age
12:40 Double-Bit Axe
16:30 Horse Collar
21:56 Castle Age
21:11 Stone Mining
21:15 Gold Mining
23:42 Heavy Plow
35:39 Wheelbarrow
36:39 Bow Saw
37:27 Stone Shaft Mining
36:47 Fletching
37:32 Padded Archer Armor
37:22 Elite Skirmisher
39:05 Bodkin Arrow
39:05 Town Watch
45:04 Masonry
44:51 Murder Holes
45:17 Ballistics
46:23 Hand Cart
46:08 Town Patrol
48:40 Imperial Age
46:41 Scale Barding Armor
FURIOUSPAKO
5:34 Loom
11:16 Feudal Age
15:47 Castle Age
13:41 Double-Bit Axe
19:19 Bow Saw
19:55 Stone Mining
20:04 Town Watch
20:57 Gold Mining
21:37 Horse Collar
24:00 Forging
25:42 Fletching
25:53 Padded Archer Armor
25:26 Elite Skirmisher
27:40 Bloodlines
27:38 Bodkin Arrow
30:34 Wheelbarrow
30:44 Leather Archer Armor
36:45 Imperial Age
34:33 Hand Cart
38:41 Ring Archer Armor
38:34 Conscription
39:33 Chemistry
38:44 Heavy Plow
39:47 Two-Man Saw
41:50 Elite Teutonic Knight
44:32 Scale Mail Armor
45:07 Iron Casting
Robermad
6:27 Loom
8:57 Feudal Age
11:35 Horse Collar
11:43 Double-Bit Axe
18:58 Wheelbarrow
20:48 Castle Age
19:41 Bloodlines
22:00 Forging
25:31 Scale Barding Armor
27:14 Husbandry
37:27 Imperial Age
40:56 Iron Casting
41:21 Conscription
aragorn
1:46 Loom
12:37 Feudal Age
14:23 Wheelbarrow
17:10 Castle Age
15:06 Double-Bit Axe
16:49 Gold Mining
16:44 Horse Collar
21:19 Heavy Plow
23:05 Stone Mining
23:32 Bow Saw
31:41 Imperial Age
31:28 Bloodlines
31:19 Husbandry
31:14 Fletching
31:24 Murder Holes
31:50 Ballistics
31:34 Padded Archer Armor
31:54 Corvinian Army
32:00 Stone Mining
33:12 Bodkin Arrow
34:17 Parthian Tactics
34:42 Scale Barding Armor
34:38 Bracer
35:12 Leather Archer Armor
36:46 Crop Rotation
37:21 Two-Man Saw
36:55 Chain Barding Armor
38:12 Chemistry
38:33 Thumb Ring
38:46 Heavy Cavalry Archer
41:27 Elite Genitour
44:01 Ring Archer Armor
Connection lost

Rejoining the realm…

Still unreachable

The connection could not be restored.

Session expired

The server has moved on; the page needs a fresh start.